 Dungeon Crawl Stone Soup version 0.29.1-15-g9cfb28693d (webtiles) character file.

Game seed: 643695747268226571

50 Mysteryquy the Trooper (level 3, -2/29 HPs)
             Began as a Demonspawn Fighter on Apr 25, 2023.
             Was a Follower of Makhleb.
             Slain by Sigmund
             ... wielding a +0 scythe
              (10 damage)
             ... on level 2 of the Dungeon.
             The game lasted 00:01:53 (1214 turns).

Mysteryquy the Trooper (Demonspawn Fighter)         Turns: 1214, Time: 00:01:53

Health: -2/29      AC:  6    Str: 18    XL:     3   Next: 55%
Magic:  3/3        EV: 11    Int:  9    God:    Makhleb [*.....]
Gold:   11         SH:  0    Dex: 12    Spells: 2/2 levels left

rFire   . . .      SeeInvis .   a - +0 long sword
rCold   . . .      Faith    .   c - +0 buckler
rNeg    . . .      Spirit   .   b - +0 scale mail
rPois   .          Reflect  .   (no helmet)
rElec   .          Harm     .   (no cloak)
rCorr   .          Rampage  .   (no gloves)
Will    .....                   (no boots)
Stlth   ..........              (no amulet)
HPRegen 0.09/turn               (no ring)
MPRegen 0.08/turn               (no ring)

@: confused, mighty
A: repulsion field 1, powered by death 1
a: Renounce Religion


You were on level 2 of the Dungeon.
You worshipped Makhleb.
Makhleb was aware of your devotion.
You visited 1 branch of the dungeon, and saw 2 of its levels.

You collected 11 gold pieces.

Inventory:

Hand Weapons
 a - a +0 long sword (weapon)
Armour
 b - a +0 scale mail (worn)
 c - a +0 buckler (worn)
Scrolls
 f - 2 scrolls of identify {unknown}
Potions
 d - 2 potions of might
 e - a potion of attraction {unknown}
 g - a potion of haste {unknown}


   Skills:
 + Level 3.3 Fighting
 + Level 2.3 Long Blades
 + Level 3.1 Armour
 + Level 0.7 Dodging
 + Level 3.1 Shields


You had 2 spell levels left.
You didn't know any spells.
Your spell library was empty.

Dungeon Overview and Level Annotations

Branches:
Dungeon (2/15)

Altars:
Makhleb

Annotations:
D:2 Sigmund


Innate Abilities, Weirdness & Mutations

You are surrounded by a mild repulsion field. (EV +2)
You regenerate a little health from kills.


Message History

No target in view!
You see here a rat corpse.
An endoplasm comes into view.
Found a stone staircase leading down.
You slash the endoplasm!
You kill the endoplasm!
Makhleb accepts your kill.
No target in view!
No target in view!
Sigmund the Dreaded comes into view.
He is wielding a +0 scythe.
Sigmund gestures at you while chanting.
You are confused.
You are too confused!
You are too confused!
You're too confused to move!
You feel very mighty all of a sudden.
Sigmund drinks a potion.
Sigmund's spells are empowered!
Sigmund says, "Now you see me, now you don't..."
Sigmund mumbles some strange words.
Sigmund flickers and vanishes!
Deactivating autopickup; reactivate with Ctrl-A.
You hear some strange, mumbled words.
A puff of flame appears from out of thin air!
The puff of flame hits you!
You miss something.
You feel less confused. Something barely misses you.
You slash something! Something hits you.
You barely miss something. Something hits you.
You slash something! Something hits you.
You miss something.
You hear some strange, mumbled words.
You are confused.
You closely miss something. Something hits you but does no damage.
You miss something. Something hits you.
* * * LOW HITPOINT WARNING * * *
You miss something. Something hits you but does no damage.
You bump into the rock wall.
Something hits you!
You die...

#.##.# #####+#....#
...........###
.............
...........####
...........!..#.#
...........##.#.#
......{@........#
#..####.#...#.# #
#...........#.#.#.#
##............#.#.###
#.#.##....>........
.. #. #.###.###.#.###
# #.#............
#.#.#.......#
..#.#.......##.


There were no monsters in sight!

Vanquished Creatures
  2 dart slugs (D:1)
  5 bats (D:1)
  7 endoplasms
  2 giant cockroaches (D:1)
  6 goblins (D:1)
  3 hobgoblins (D:1)
  3 jackals (D:1)
  3 kobolds (D:1)
  A quokka (D:1)
  2 ball pythons (D:1)
  3 frilled lizards (D:1)
  2 rats (D:2)
39 creatures vanquished.

Vanquished Creatures (others)
  4 toadstools (D:1)
4 creatures vanquished.

Grand Total: 43 creatures vanquished

Notes
Turn   | Place    | Note
-------+----------+-------------------------------------------
     0 | D:1      | Mysteryquy the Demonspawn Fighter began the quest for the
                  | Orb.
     0 | D:1      | Reached XP level 1. HP: 18/18 MP: 1/1
   131 | D:1      | Gained mutation: You are surrounded by a mild repulsion
                  | field. (EV +2) [demonic ancestry]
   131 | D:1      | Reached XP level 2. HP: 24/24 MP: 2/2
   587 | D:1      | Gained mutation: You regenerate a little health from kills.
                  | [demonic ancestry]
   587 | D:1      | Reached XP level 3. HP: 29/29 MP: 3/3
   696 | D:1      | Found a faded altar of an unknown god.
   739 | D:1      | Prayed at the altar of an unknown god.
   739 | D:1      | Became a worshipper of Makhleb the Destroyer
   739 | D:1      | Reached * piety under Makhleb
  1198 | D:2      | Noticed Sigmund
  1214 | D:2      | Slain by Sigmund

Illustrated notes

Levels and vault maps discovered:
D:1:      ldierk_water_garden, layout_basic,
          hellmonk_ecumenical_altar_crossroads
D:2:      layout_basic, uniq_sigmund, uniq_jessica

Skill      XL: |  1  2 |
---------------+-------+-----
Shields        | 3 |  3.1
Long Blades    | 2 |  2.3
Armour         | 3 |  3.1
Fighting       | |  3.3
Dodging        | |  0.7

Action                   || total
-------------------------++-------
Melee: Long sword        ||   146
  Use: Potion            ||     1
Armor: Scale mail        ||   101
Dodge: Dodged            ||   112
Block: Buckler           ||    44
